FIQ, neutral male gnomish Wizard ------------ |...<......| |..........| --- -------- |........... |. ...... ---.-------- |.- -.....- # |.| |.....| # |.| |.....+ # |.| | |.....| # |.| -|--.)I..----- --- -- | # .-- --- --....I..........%.....| ## # |.............{...|..{%.........| -.-------.-- |.- ---- --....--|--- ..........| |..>.......| |.| ----.| .. ---- ---- | |....^.....| |.| +.| ... |..........-###### |.| |.| _. ------------ # |.| |.| ..| ###|.------------.------ --------- | #-...............................| --------------------------------- FIQ the Conjurer Experience level: 4 Strength: 12 Dexterity: 11 Constitution: 14 Intelligence: 19 Wisdom: 9 Charisma: 9 Health: 0(29) Energy: 35(35) Def: 1 Gold: 172 Moves: 1819 Dungeon seed: -4Xh26A3ttLcwWXZ Game ID: FIQ_1469119641 Your Inventory: Coins $ - 172 gold pieces Weapons a - a blessed +1 quarterstaff (weapon in hands) Armor e - an uncursed +0 cloak of magic resistance (being worn) Scrolls i - 2 uncursed scrolls of earth j - an uncursed scroll of enchant weapon Spellbooks k - a blessed spellbook of force bolt l - an uncursed spellbook of create familiar Rings c - an uncursed ring of conflict d - an uncursed +1 ring of gain strength r - an uncursed ring of invisibility Wands o - a wand of sleep (0:8) Tools b - an uncursed bag of holding s - an uncursed stethoscope Contents of the bag of holding: an uncursed orange an uncursed potion of extra healing an uncursed potion of fruit juice an uncursed potion of speed Spells and supernatural/magical abilities: Name Level Category Fail Memory a - force bolt 1 attack 0% 91% A - create familiar 3 clerical 79% 91% W - pray for help -- divine ? -- Your skills at the end: Fighting Skills wands [Basic] Weapon Skills quarterstaff [Basic] Spellcasting Skills attack spells [Basic] enchantment spells [Basic] Final Attributes: You were piously aligned. You were magic-protected. You were blinded. You had infravision. You are dead. Vanquished creatures: a rock piercer a pony a kitten 2 orc zombies 2 wererats an acid blob 4 large kobolds a red mold 2 geckos 6 jackals a kobold a sewer rat 7 grid bugs a bat 3 lichens 2 kobold zombies 8 newts 44 creatures vanquished. Voluntary challenges: You were an atheist. You used a wielded weapon 37 times, starting on turn 11. You read items or engraved 1 time, starting on turn 462. You never genocided any monsters. You never polymorphed an object. You never changed form. You used no wishes. You never split a pudding. You never wrote Elbereth's name. You never violated your personal moral code. Dungeon overview: The Dungeons of Doom: levels 1 to 2 Level 1 some fountains a long staircase Level 2 a fountain stairs to The Gnomish Mines The Gnomish Mines: levels 3 to 6 Level 3 stairs to The Dungeons of Doom Level 4 Level 5 Level 6 <- You were here a temple to Ptah, some fountains History has recorded: On T:1 you entered the Dungeons of Doom to retrieve the Amulet of Yendor! On T:387 you reached level 2 of The Dungeons of Doom. On T:717 you reached level 1 of The Gnomish Mines. On T:803 you reached level 2 of The Gnomish Mines. On T:813 you advanced to experience level 2. On T:1137 you advanced to experience level 3. On T:1274 you advanced to experience level 4. On T:1468 you reached level 3 of The Gnomish Mines. On T:1752 you reached level 4 of The Gnomish Mines. Score breakdown: Gold: 172 ( 7613 points) Experience: 4 levels ( 9649 points) Exploration: 6 levels ( 12.00%) ( 9583 points) Discoveries: 2 items ( 0.69%) ( 2487 points) Valuables value: (no points given unless you survive) Artifact value: 0 ( 0 points) Variety of kills: 17 monsters ( 4.44%) ( 6320 points) Turncount: 1819 turns ( 0 points) Survival: died (score multiplied by 80%) Total score: 28521 Latest messages: You hear a door open. The plains centaur wields a crude bow! (2x) You hear some noises in the distance. (10x) This door is locked. That door is closed. (2x) The cave spider bites! Introsp3ctive hurls a ruby potion! The phial crashes on your head and breaks into shards. This burns a lot! Please move the cursor to an unknown object. A samurai called Introsp3ctive [seen: normal vision, infravision] on a grave. The golden haze around the priestess of Ptah becomes less dense. Introsp3ctive hurls a smoky potion! The phial crashes on your head and breaks into shards. You feel rather tired. It bites! (4x) You are hit! You feel weaker! It bites! It hits! You die... Final status: Goodbye FIQ the Wizard, killed by a rothe, while sleeping off potion vapours... You died in The Gnomish Mines on dungeon level 6 with 28521 points, and 172 pieces of gold, after 1819 moves. You were level 4 with a maximum of 29 hit points when you died.